 Dungeon Crawl Stone Soup version 0.29-a0-923-g6e406bff71 (webtiles) character file.

Game seed: 16286112970496039762

65055 Majang the Cleaver (level 15, 0/95 HPs)
             Began as a Gargoyle Fighter on July 28, 2022.
             Was the Champion of Makhleb.
             Slain by an ettin
             ... wielding a +0 dire flail
              (9 damage)
             ... on level 2 of the Orcish Mines.
             The game lasted 01:33:47 (19572 turns).

Majang the Cleaver (Gargoyle Fighter)              Turns: 19572, Time: 01:33:48

Health: 0/95       AC: 28    Str: 27    XL:     15   Next: 15%
Magic:  21/21      EV: 15    Int:  9    God:    Makhleb [******]
Gold:   793        SH:  9    Dex: 15    Spells: 14/14 levels left

rFire   + . .      SeeInvis .   a - +5 broad axe
rCold   + + +      Faith    .   c - +0 buckler
rNeg    + . .      Spirit   .   s - +2 scale mail {rF+}
rPois   ∞          Reflect  .   E - +1 hat "Tatar" {rC+++ Will+ Slay-2}
rElec   +          Harm     .   h - +0 cloak
rCorr   .          Rampage  .   (no gloves)
Will    ++...                   A - +0 pair of boots
Stlth   ..........              F - amulet of regeneration
HPRegen 1.05/turn               v - +6 ring of dexterity
MPRegen 0.17/turn               i - ring of the Octopus King {rC+ HP+2 AC+2 EV+2 SH+2}

@: mighty, flying, studying Armour
A: sickness immunity, AC +11, big wings, negative energy resistance 1,
electricity resistance, torment resistance 1, petrification resistance
a: Renounce Religion, Minor Destruction, Lesser Servant of Makhleb, Major
Destruction, Greater Servant of Makhleb


You were on level 2 of the Orcish Mines.
You worshipped Makhleb.
Makhleb was exalted by your worship.
You visited 4 branches of the dungeon, and saw 20 of its levels.
You also visited: Bailey and Gauntlet.

You collected 2649 gold pieces.
You spent 1856 gold pieces at shops.

Inventory:

Hand Weapons
 a - a +5 broad axe (weapon)
 b - a +3 flail of freezing
Missiles
 n - 6 curare-tipped darts
 o - 32 poisoned darts
 u - 28 boomerangs (quivered)
 N - 10 silver javelins
Armour
 c - a +0 buckler (worn)
 h - a +0 cloak (worn)
 s - a +2 scale mail of fire resistance (worn)
 A - a +0 pair of boots (worn)
 E - the +1 hat "Tatar" (worn) {rC+++ Will+ Slay-2}
   (You found it in a Gauntlet)

   Slay:      It affects your accuracy & damage with ranged weapons and melee
   (-2).
   rC:        It renders you almost immune to cold.
   Will:      It increases your willpower.
Jewellery
 i - a ring of the Octopus King (right hand) {rC+ HP+2 AC+2 EV+2 SH+2}
   (You found it on level 5 of the Lair of Beasts)

   [ring of protection from cold]

   AC:        It affects your AC (+2).
   EV:        It affects your evasion (+2).
   rC:        It protects you from cold.
   HP:        It affects your health (+2).
   SH:        It affects your SH (+2).
 v - a +6 ring of dexterity (left hand)
 F - an amulet of regeneration (around neck)
Wands
 H - a wand of acid (7)
 I - a wand of roots (10)
 J - a wand of mindburst (8)
Scrolls
 e - 2 scrolls of butterflies
 f - 2 scrolls of poison
 w - 7 scrolls of teleportation
 K - 2 scrolls of identify
 L - a scroll of summoning
 M - 2 scrolls of enchant armour
 R - 3 scrolls of blinking
 S - 5 scrolls of immolation
 V - a scroll of magic mapping
 W - a scroll of fear
 Y - a scroll of silence
Potions
 d - 3 potions of might
 g - 2 potions of invisibility
 j - 7 potions of heal wounds
 k - 3 potions of attraction
 m - 4 potions of haste
 p - a potion of berserk rage
 r - a potion of mutation
 t - 11 potions of curing
 B - 9 potions of ambrosia
 C - 4 potions of lignification
 D - a potion of resistance
Miscellaneous
 y - a lightning rod (4/4)
 O - a phial of floods
 U - a box of beasts


   Skills:
 + Level 10.9 Fighting
 * Level 12.3 Axes
 * Level 11.1 Throwing
 + Level 11.8 Armour
 + Level 7.1 Dodging
 + Level 10.0 Shields
 + Level 9.3 Invocations
 + Level 4.0 Evocations


You had 14 spell levels left.
You didn't know any spells.
Your spell library contained the following spells:

 Spells                   Type           Power      Damage    Failure   Level
 Beastly Appendage        Tmut           0%         N/A       67%         1
 Foxfire                  Conj/Fire      0%         2x1d4     67%         1
 Wereblood                Tmut           0%         N/A       80%         2
 Confusing Touch          Hex            0%         N/A       95%         3
 Conjure Flame            Conj/Fire      0%         6-21      95%         3
 Ignite Poison            Fire/Tmut/Pois 0%         N/A       95%         3
 Inner Flame              Hex/Fire       0%         N/A       95%         3
 Mephitic Cloud           Conj/Pois/Air  0%         N/A       95%         3
 Spider Form              Tmut/Pois      0%         N/A       95%         3
 Summon Guardian Golem    Hex/Summ       0%         N/A       95%         3
 Airstrike                Air            0%         0-1+      100%        4
 Anguish                  Hex/Necr       0%         N/A       100%        4
 Flame Wave               Conj/Fire      0%         2d4       100%        4
 Fulminant Prism          Conj/Hex       0%         3d6       100%        4
 Iskenderun's Mystic Bla  Conj/Tloc      0%         2d3       100%        4
 Summon Lightning Spire   Summ/Air       0%         N/A       100%        4
 Freezing Cloud           Conj/Ice/Air   0%         6-21      100%        5
 Lee's Rapid Deconstruct  Erth           0%         3d5*      100%        5
 Lightning Bolt           Conj/Air       0%         1d11      100%        5
 Yara's Violent Unravell  Hex/Tmut       0%         3d3       100%        5
 Enfeeble                 Hex            0%         N/A       100%        7
 Orb of Destruction       Conj           0%         9d5       100%        7
 Spellforged Servitor     Conj/Summ      0%         N/A       100%        7


Dungeon Overview and Level Annotations

Branches:
Dungeon (12/15)            Temple (1/1) D:5            Lair (5/5) D:10
  Swamp (0/4) Lair:3       Spider (0/4) Lair:3        Slime (0/5) Lair:5
    Orc (2/2) D:9          Bailey (visited)         Gauntlet (visited)
    Elf: Orc:2

Altars:
Ashenzari
Cheibriados
Dithmenos
Elyvilon
Fedhas
Gozag
Hepliaklqana
Kikubaaqudgha
Makhleb
Nemelex Xobeh
Okawaru
Qazlal
Ru
Sif Muna
Trog
Uskayaw
Vehumet
Wu Jian
Xom
Yredelemnul
Zin
The Shining One

Shops:
D:1 !   D:4 (   D:11 :   D:12 (   Orc:1 [   Orc:2 :


Innate Abilities, Weirdness & Mutations

You are immune to sickness and miasma.
Your stone body is resilient. (AC +11)
You are immune to poison.
Your large and strong wings let you fly.
You resist negative energy. (rN+)
You are resistant to electric shocks. (rElec)
You are resistant to unholy torment.
You are immune to petrification.


Message History

You slash the ettin!
The ettin is lightly wounded.
You slash the saltling!
You destroy the saltling!
Makhleb accepts your kill.
You feel better.
You barely miss the saltling. You hit the saltling. The saltling misses you.
The saltling barely misses you. The ettin barely misses you.
The ettin hits you but does no damage.
You hit the ettin.
The ettin is lightly wounded.
You hit the saltling but do no damage. You hit the saltling.
The saltling barely misses you. You block the saltling's attack.
The saltling hits you!
The ettin hits you with a +0 dire flail!
You block the ettin's attack.
You feel very mighty all of a sudden. The saltling completely misses you.
The saltling hits you. You block the ettin's attack.
The ettin barely misses you.
You slash the ettin!
The ettin is moderately wounded.
You hit the saltling but do no damage. You hit the saltling.
You block the saltling's attack. x2; You block the ettin's attack.
The ettin barely misses you. You block the saltling's attack.
You completely miss the ettin.
The ettin is moderately wounded.
You hit the saltling but do no damage. x2; You block the saltling's attack.
The saltling closely misses you.
The ettin hits you with a +0 dire flail!!
The ettin hits you but does no damage.
You slash the ettin!
The ettin is heavily wounded.
You hit the saltling but do no damage.
You hit the orc knight but do no damage.
You barely miss the saltling. You block the saltling's attack.
The saltling hits you!
* * * LOW HITPOINT WARNING * * *
The ettin hits you with a +0 dire flail!
* * * LOW HITPOINT WARNING * * *
The ettin hits you with a +0 dire flail!
You die...

... #.#....##...........
....#.....###......#....
....#..#..# ##..#.#...##
#....#....# ######....#
.#........# #....
.8........# .#...#....#
#8.....9..# 8...#.9@..#
......oC.## ....#.....#
.###......# ......###
........ #.......#
.#....#..


You could see an orc knight, an ettin and 2 saltlings.

Vanquished Creatures
  Gastronok (Lair:2)
  Kirke (Lair:3)
  A minotaur (Gauntlet)
  Snorg (D:11)
  The ghost of Conn the Arsonist, a journeyman OpFE of Sif Muna (Lair:3)
  4 boulder beetles
  A catoblepas (Lair:2)
  6 hydras
  A dancing weapon (Lair:3)
  2 two-headed ogres
  A merfolk avatar (Lair:5)
  A death yak (Lair:4)
  Nergalle (Lair:3)
  A sixfirhy (Gauntlet)
  An orb spider (Lair:3)
  A swamp dragon (shapeshifter) (D:12)
  2 bog bodies (Lair:3)
  An orc knight (Orc:1)
  3 harpies (Lair:5)
  An ugly thing (D:12)
  4 cyclopes
  An orc sorcerer (Orc:2)
  9 elephants
  3 manticores (Lair:5)
  Maurice (D:11)
  An ice statue (D:9)
  5 black mambas
  11 cane toads
  3 torpor snails
  An unseen horror (D:9)
  3 rime drakes
  Maggie (D:6)
  2 kobold demonologists (D:12)
  5 ice devils (D:9)
  8 komodo dragons
  2 queen bees
  3 trolls
  2 wind drakes (Lair:5)
  7 polar bears
  A tyrant leech (Gauntlet)
  17 blink frogs
  3 dream sheep (Lair:3)
  3 hornets
  Prince Ribbit (Lair:3)
  2 saltlings (Orc:2)
  A snapping turtle (Lair:5)
  A vampire (D:12)
  7 spriggans (D:12)
  6 wyverns
  3 basilisks
  7 hogs (Lair:3)
  33 yaks
  3 wraiths
  3 steam dragons
  A warg (Orc:1)
  3 swamp worms (Gauntlet)
  An acid dragon (D:10)
  9 water moccasins
  17 orc warriors
  An ice beast (D:8)
  7 ogres
  18 wolves
  7 centaurs
  3 phantoms
  3 kobold brigands
  Blork the orc (D:4)
  14 bullfrogs
  4 necrophages
  2 scorpions (D:6)
  16 wights
  37 killer bees
  4 electric eels
  A howler monkey (D:12)
  14 orc priests
  3 jellies
  A gnoll bouda (D:5)
  5 hounds
  Jessica (D:3)
  3 iguanas
  20 orc wizards
  5 adders
  10 gnolls
  2 white imps
  12 ufetubi
  5 worms
  4 dart slugs
  55 orcs
  11 ball pythons
  3 bats (D:2)
  3 endoplasms
  A giant cockroach (D:2)
  11 goblins
  8 hobgoblins
  2 jackals (D:3)
  22 kobolds
  A quokka (D:2)
  6 frilled lizards
  12 rats
564 creatures vanquished.

Vanquished Creatures (others)
  A cane toad (Lair:5)
  A wolf (D:10)
  7 fungi
  74 plants
83 creatures vanquished.

Grand Total: 647 creatures vanquished

Notes
Turn   | Place    | Note
-------+----------+-------------------------------------------
     0 | D:1      | Majang the Gargoyle Fighter began the quest for the Orb.
     0 | D:1      | Reached XP level 1. HP: 14/14 MP: 1/1
   200 | D:1      | Reached skill level 2 in Axes
   219 | D:1      | Found a faded altar of an unknown god.
   392 | D:1      | Found Zashreggo's Distillery.
   650 | D:1      | Reached XP level 2. HP: 19/19 MP: 2/2
  1329 | D:2      | Reached XP level 3. HP: 21/24 MP: 3/3
  1496 | D:2      | Found a broken altar of Ashenzari.
  1637 | D:2      | Reached skill level 3 in Axes
  1803 | D:2      | Reached XP level 4. HP: 29/29 MP: 4/4
  2692 | D:3      | Found an iron altar of Okawaru.
  2865 | D:3      | Noticed Jessica
  2875 | D:3      | Killed Jessica
  2876 | D:3      | Reached skill level 4 in Axes
  2876 | D:3      | Reached XP level 5. HP: 34/34 MP: 5/5
  3446 | D:1      | Bought a potion of heal wounds for 55 gold pieces
  3446 | D:1      | Bought a potion of degeneration for 11 gold pieces
  3560 | D:4      | Reached XP level 6. HP: 28/40 MP: 6/6
  3746 | D:4      | Reached skill level 5 in Fighting
  3746 | D:4      | Reached skill level 5 in Axes
  3920 | D:4      | Found Ygiulue's Antique Weapon Boutique.
  3921 | D:4      | Noticed Blork the orc
  3921 | D:4      | Found a glowing golden altar of the Shining One.
  3931 | D:4      | Killed Blork the orc
  4237 | D:4      | Reached XP level 7. HP: 44/44 MP: 7/7
  4378 | D:5      | Entered Level 5 of the Dungeon
  4490 | D:5      | Found a staircase to the Ecumenical Temple.
  4499 | Temple   | Entered the Ecumenical Temple
  4534 | Temple   | Became a worshipper of Makhleb the Destroyer
  4561 | D:5      | Reached skill level 1 in Throwing
  4720 | D:5      | Reached skill level 1 in Dodging
  5044 | D:5      | Identified the +3 dagger of Feral Expedience {drain, Int+7}
  5060 | D:5      | Reached skill level 1 in Invocations
  5114 | D:5      | Reached skill level 6 in Axes
  5114 | D:5      | Reached XP level 8. HP: 49/51 MP: 8/8
  5716 | D:6      | Reached * piety under Makhleb
  5821 | D:6      | Found a sacrificial altar of Ru.
  5821 | D:6      | Found a basalt altar of Yredelemnul.
  5901 | D:6      | Reached XP level 9. HP: 56/56 MP: 10/10
  6006 | D:6      | Found a shadowy altar of Dithmenos.
  6107 | D:6      | Noticed Maggie
  6119 | D:6      | Killed Maggie
  6126 | D:6      | Reached skill level 7 in Axes
  6820 | D:7      | Reached skill level 5 in Armour
  6820 | D:7      | Reached skill level 5 in Shields
  6954 | D:7      | Reached ** piety under Makhleb
  7469 | D:7      | Reached XP level 10. HP: 54/63 MP: 12/12
  7608 | D:7      | Reached skill level 5 in Throwing
  8012 | D:8      | Found a snail-covered altar of Cheibriados.
  8237 | D:8      | Found a flagged portal.
  8265 | Bailey   | Entered a bailey
  8332 | Bailey   | Reached *** piety under Makhleb
  8351 | Bailey   | Reached skill level 8 in Axes
  9154 | D:8      | Found a stormy altar of Qazlal.
  9316 | D:9      | Noticed an ice statue
  9895 | D:9      | Reached skill level 5 in Invocations
  9914 | D:9      | Killed an ice statue
  9915 | D:9      | Reached XP level 11. HP: 34/68 MP: 14/14
 10292 | D:9      | Found a staircase to the Orcish Mines.
 10486 | D:9      | Noticed a two-headed ogre
 10490 | D:9      | Killed a two-headed ogre
 10774 | D:10     | Entered Level 10 of the Dungeon
 11021 | D:10     | Noticed a +0 hand axe
 11023 | D:10     | Noticed a +0 dagger
 11025 | D:10     | Found a hide-covered altar of Uskayaw.
 11053 | D:10     | Found a shimmering blue altar of Sif Muna.
 11110 | D:10     | Reached skill level 9 in Axes
 11110 | D:10     | Reached **** piety under Makhleb
 11222 | D:10     | Identified the +2 robe "Qaleopiy" {Str+6 Slay-5}
 11248 | D:10     | Found a staircase to the Lair.
 12089 | D:11     | Noticed a boulder beetle
 12099 | D:11     | Killed a boulder beetle
 12225 | D:11     | Noticed Snorg
 12233 | D:11     | Killed Snorg
 12293 | D:11     | Noticed a cyclops
 12297 | D:11     | Killed a cyclops
 12298 | D:11     | Reached XP level 12. HP: 75/75 MP: 16/16
 12343 | D:11     | Noticed Maurice
 12364 | D:11     | Killed Maurice
 12477 | D:11     | Noticed a four-headed hydra
 12481 | D:11     | Killed a four-headed hydra
 12509 | D:11     | Found Giumin's Book Shop.
 12518 | D:11     | Bought a manual of Armour for 1440 gold pieces
 12826 | D:12     | Noticed a boulder beetle
 12835 | D:12     | Killed a boulder beetle
 12836 | D:12     | Reached skill level 5 in Dodging
 12881 | D:12     | Noticed a boulder beetle
 12908 | D:12     | Killed a boulder beetle
 12909 | D:12     | Reached skill level 10 in Axes
 12937 | D:12     | Noticed an eight-headed hydra
 12949 | D:12     | Killed an eight-headed hydra
 13162 | D:12     | Noticed a four-headed hydra
 13174 | D:12     | Killed a four-headed hydra
 13276 | D:12     | Found Zuoruod's Antique Weapon Boutique.
 13540 | D:12     | Noticed a two-headed ogre
 13567 | D:12     | Killed a two-headed ogre
 13908 | D:12     | Reached XP level 13. HP: 77/80 MP: 18/18
 13955 | Lair:1   | Entered Level 1 of the Lair of Beasts
 13960 | D:10     | Reached ***** piety under Makhleb
 14269 | D:12     | Bought a runed war axe for 182 gold pieces
 14900 | Lair:2   | Reached skill level 11 in Axes
 15082 | Lair:2   | Noticed Gastronok
 15098 | Lair:2   | Killed Gastronok
 15099 | Lair:2   | Reached skill level 1 in Evocations
 15465 | Lair:3   | Found a gate leading to a gauntlet.
 15562 | Lair:3   | Reached skill level 10 in Fighting
 15562 | Lair:3   | Reached skill level 10 in Armour
 15574 | Lair:3   | Noticed Nergalle
 15593 | Lair:3   | Killed Nergalle
 15604 | Lair:3   | Reached ****** piety under Makhleb
 15648 | Lair:3   | Reached skill level 10 in Throwing
 15651 | Lair:3   | Gained mutation: Your large and strong wings let you fly.
                  | [Gargoyle growth]
 15651 | Lair:3   | Reached XP level 14. HP: 65/88 MP: 20/20
 15709 | Gauntlet | Entered a Gauntlet
 15709 | Gauntlet | Found a transporter.
 15709 | Gauntlet | Found a runed translucent door.
 15709 | Gauntlet | Found a transporter.
 15710 | Gauntlet | Found a runed translucent door.
 15711 | Gauntlet | Found a transporter.
 15711 | Gauntlet | Found a transporter.
 15715 | Gauntlet | Found a transporter.
 15715 | Gauntlet | Found a transporter.
 15754 | Gauntlet | Found a transporter.
 15755 | Gauntlet | Found a transporter.
 15767 | Gauntlet | Found a transporter.
 15782 | Gauntlet | Found a transporter.
 15786 | Gauntlet | Found a transporter.
 15806 | Gauntlet | Found a transporter.
 16065 | Gauntlet | Identified the +1 hat "Tatar" {rC+++ Will+ Slay-2}
 16183 | Gauntlet | Identified the +1 robe "Guniysoz" {Will+}
 16290 | Lair:3   | Found a runed translucent door.
 16290 | Lair:3   | Found a shimmering altar of Xom.
 16290 | Lair:3   | Noticed Conn's ghost (journeyman OpFE)
 16299 | Lair:3   | Killed Conn's ghost
 16433 | D:12     | Bought a runed hand axe for 168 gold pieces
 16596 | Lair:3   | Found a hole to the Spider Nest.
 16715 | Lair:3   | Noticed Kirke
 16812 | Lair:3   | Noticed a sphinx
 16819 | Lair:3   | Killed Kirke
 16849 | Lair:3   | Noticed Prince Ribbit
 16862 | Lair:3   | Killed Prince Ribbit
 17014 | Lair:3   | Found a staircase to the Swamp.
 17430 | Lair:4   | You are sucked into a shaft and drop 1 floor!
 17430 | Lair:5   | Entered Level 5 of the Lair of Beasts
 18192 | Lair:5   | Reached skill level 12 in Axes
 18233 | Lair:5   | Reached XP level 15. HP: 89/93 MP: 21/21
 18388 | Lair:5   | Found a staircase to the Slime Pits.
 18661 | Lair:5   | Found the ring of the Octopus King
 18663 | Lair:5   | Identified a ring of the Octopus King {rC+ HP+2 AC+2 EV+2
                  | SH+2}
 18904 | Orc:1    | Entered Level 1 of the Orcish Mines
 19148 | Orc:2    | Entered Level 2 of the Orcish Mines
 19289 | Orc:2    | Found Icyara's Vocational Training.
 19397 | Orc:1    | Found Hotash's Armour Shoppe.
 19555 | Orc:2    | Reached skill level 10 in Shields
 19572 | Orc:2    | Slain by an ettin

Illustrated notes

Levels and vault maps discovered:
D:1:      sevenhm_arrival_forest_fort_large_2, layout_loops_ring, serial_shops,
          shop, hellmonk_ecumenical_altar_leap_of_faith
D:2:      wad_river_or_something, layout_basic, basic_altar,
          minmay_tiny_reverse_x
D:3:      layout_basic, okawaru_ov_weapons_minmay, uniq_jessica
D:4:      layout_cave_pools, mainiacjoe_overflow_paths, serial_shops,
          shop_fountains, fountainhead, kennysheep_generic_room_7,
          uniq_blork_the_orc
D:5:      layout_loops_ring, minmay_temple_entry_grid, hangedman_decor_lopped
D:6:      layout_loops_ring, lemuel_doored_altar, jmf_multi_god_temple,
          serial_rivers, chequers_serial_rivers_room_b,
          chequers_serial_rivers_micro_d, chequers_serial_rivers_small_a,
          chequers_serial_rivers_micro_b, chequers_serial_rivers_small_b,
          chequers_serial_rivers_micro_b, uniq_maggie
D:7:      layout_loops_cross, nicolae_underground_beach
D:8:      layout_basic, general_overflow_altar, kennysheep_mini, enter_bailey_3,
          kennysheep_crisscross
D:9:      cheibrodos_frozen_isle, layout_irregular_city, orc_0_dummy
D:10:     layout_small_grid, dancing_weapons_uskayaw,
          mainiacjoe_overflow_alcove_2, erik_lair_island,
          david_defended_altar_orc
D:11:     layout_loops_ring, serial_shops, nicolae_shop_stone, uniq_snorg,
          uniq_maurice
D:12:     kb_forest_paths, layout_irregular_city, serial_shops, shop
Temple:   nicolae_temple_ecumenical_triangle
Lair:1:   layout_cave_shapes, grunt_forest_small_clearings, grunt_megastairs_2
Lair:2:   layout_roguey [special_room_bee], uniq_gastronok
Lair:3:   layout_loops_ring, skrybe_swamp_entry_bodies,
          nicolae_spider_entry_orb_guardian, ebering_ghost_xom,
          gauntlet_entry_generic, grunt_megastairs_3, infiniplex_staircase_pool,
          uniq_nergalle, uniq_kirke, uniq_prince_ribbit2
Lair:4:   layout_big_grid
Lair:5:   gammafunk_lair_ancient_temple, layout_gridlike,
          dpeg_slime_entry_enclosed, chequers_serial_rivers_micro_c
Orc:1:    layout_caves, serial_shops, nicolae_shop_statue_plus
Orc:2:    hellmonk_orc_salted, layout_caves, basic_altar, serial_shops,
          nicolae_shop_stone, nicolae_shop_vocational

Skill      XL: |  1  2  3  4  5  6  7  8  9 10 11 12 13 14 15 |
---------------+----------------------------------------------+-----
Axes           | 2 3 4 5 6 7 8 9 10 11 12 | 12.3
Fighting       | 4 5 6 7 8 9 10 | 10.9
Throwing       | 1 3 4 6 7 8 10 11 | 11.1
Dodging        | 1 2 3 4 5 6 7 |  7.1
Invocations    | 1 2 3 5 6 7 8 9 |  9.3
Armour         | 4 5 6 7 8 10 11 | 11.8
Shields        | 4 5 6 7 8 9 10 | 10.0
Evocations     | 2 3 4 |  4.0

Action                   |  1- 3 |  4- 6 |  7- 9 | 10-12 | 13-15 || total
-------------------------+-------+-------+-------+-------+-------++-------
Melee: War axe           |   140 |   119 |   169 |       |       ||   428
       Broad axe         |       |       |    88 |   469 |   861 ||  1418
       Flail             |       |       |       |    17 |    18 ||    35
Throw: Boomerang         |       |       |     9 |    89 |    68 ||   166
       Dart              |       |       |       |     6 |     4 ||    10
       Javelin           |       |       |       |       |     5 ||     5
Invok: Minor Destruction |       |       |       |   105 |       ||   105
Evoke: Wand              |       |       |       |     1 |     1 ||     2
  Use: Potion            |       |     1 |     1 |       |     5 ||     7
       Scroll            |       |       |    19 |     4 |     7 ||    30
 Stab: Held in net/web   |       |       |       |       |     1 ||     1
Armor: Scale mail        |    78 |    55 |       |       |    57 ||   190
       Chain mail        |       |       |   109 |       |       ||   109
       Acid dragon scale |       |       |    38 |   265 |   464 ||   767
Dodge: Dodged            |    67 |    61 |   119 |   312 |   818 ||  1377
Block: Buckler           |    27 |    35 |    71 |   144 |   361 ||   638

Table legend: (Time is in decaauts)
 A = Elapsed time spent in this place.
 B = Non-inter-level travel time spent in this place.
 C = Inter-level travel time spent in this place.
 D = Time resting spent in this place.
 E = Time spent auto-exploring this place.
 F = Levels seen in this place.
 G = Mean time per level.
                   A        B        C        D        E       F      G
               +--------+--------+--------+--------+--------+-----+--------+
         Total |  19934 |  18236 |   1698 |   3327 |   8670 |  22 |  906.1 |
       Dungeon |  14059 |  12710 |   1349 |   2566 |   6841 |  12 | 1171.6 |
        Temple |     44 |     44 |      0 |      0 |      0 |   1 |   44.0 |
          Lair |   4127 |   3804 |    323 |    335 |   1665 |   5 |  825.4 |
  Orcish Mines |    591 |    567 |     24 |     14 |    164 |   2 |  295.5 |
        Bailey |    620 |    620 |      0 |    296 |      0 |   1 |  620.0 |
      Gauntlet |    491 |    491 |      0 |    116 |      0 |   1 |  491.0 |
               +--------+--------+--------+--------+--------+-----+--------+

Top non-repeatable levels by time:
     D:9: 1788 daAuts
     D:6: 1410 daAuts
    D:12: 1364 daAuts
     D:1: 1321 daAuts
     D:2: 1184 daAuts
     D:4: 1167 daAuts
     D:3: 1123 daAuts
     D:5: 1058 daAuts
  Lair:3: 1005 daAuts
    D:10: 994 daAuts
     D:7: 955 daAuts
     D:8: 866 daAuts
    D:11: 822 daAuts
  Lair:4: 819 daAuts
  Lair:2: 787 daAuts
